 Dungeon Crawl Stone Soup version 0.30-b1-2-g02819fbbbe (webtiles) character file.

Game seed: 18003829240586332535

10 Alarkh the Shooter (level 2, 22/22 HPs)
             Began as a Demonspawn Hunter on May 24, 2023.
             Got out of the dungeon alive.
             The game lasted 00:00:39 (643 turns).

Alarkh the Shooter (Demonspawn Hunter)               Turns: 643, Time: 00:00:39

Health: 22/22      AC:  3    Str: 11    XL:     2   Next: 10%
Magic:  2/2        EV: 11    Int: 12    God:
Gold:   26         SH:  0    Dex: 16    Spells: 1/1 levels left

rFire   . . .        a - +0 shortbow
rCold   . . .        (shield currently unavailable)
rNeg    . . .        c - +0 leather armour
rPois   .            (no helmet)
rElec   .            (no cloak)
rCorr   .            (no gloves)
SInv    .            (no boots)
Will    .....        (no amulet)
Stlth   ++           (no ring)
HPRegen 0.23/turn    (no ring)
MPRegen 0.08/turn

%: no passive effects
@: no status effects
A: big brain 1
a: no special abilities


You escaped.
You visited 1 branch of the dungeon, and saw 1 of its levels.

You collected 26 gold pieces.

Inventory:

Hand Weapons
 a - a +0 shortbow (weapon)
Armour
 c - a +0 leather armour (worn)
Scrolls
 b - a scroll of immolation
 g - a scroll of noise {unknown}
 j - a scroll of butterflies {unknown}
Potions
 d - a potion of lignification {unknown}
 e - a potion of heal wounds {unknown}
 f - a potion of resistance {unknown}
 h - a potion of might {unknown}
 i - a potion of haste {unknown}


   Skills:
 - Level 2.0 Fighting
 * Level 4.0 Ranged Weapons
 - Level 1.7 Dodging
 + Level 1.0 Stealth


You had one spell level left.
You didn't know any spells.
Your spell library contained the following spells:

 Spells                   Type           Power      Damage    Failure   Level
 Lesser Beckoning         Tloc           0%         N/A       54%         2
 Gell's Gravitas          Tloc           0%         N/A       78%         3
 Teleport Other           Tloc           0%         N/A       78%         3


Dungeon Overview and Level Annotations

Branches:
Dungeon (1/15)

Altars:

Shops:
D:1 =


Innate Abilities, Weirdness & Mutations

You have an unusually large brain. (Int +2)


Message History

You see here a quokka corpse.
You open the door.
There is an open door here.
You open the door.
There is an open door here.
You see here 2 stones.
You open the door.
You see here a +0 hand axe.
You see here a +0 whip.
You open the door.
A ball python comes into view.
Found a faded altar of an unknown god.
A ball python is nearby!
A ball python is nearby!
You shoot an arrow.
The arrow hits the ball python but does no damage.
You shoot an arrow.
The arrow hits the ball python but does no damage.
A ball python is nearby!
You shoot an arrow. The arrow hits the ball python!
You kill the ball python!
No target in view!
There is an open door here.
There is a faded altar of an unknown god here.
You open the door.
There is an open door here.
Key pressed, stopping explore.
No target in view!
Found a stone staircase leading down.
Found a leather armour.
j - a scroll labelled ZIDUGE IGGYV
There is a stone staircase leading down here.
Done exploring.
Done exploring.
No target in view!
You open the door.
There is an open door here.
There is a staircase leading out of the dungeon here.
Are you sure you want to leave the Dungeon?
This will make you lose the game!
You have escaped!

.'.........###.........'.#.......
.#..####.### ###.####..#.####.##.
.#.#.###.# #.###.#.#.(.......
.#.##.#.## ##.#.##.######.##.
.#.###.## ##.###.##........
.#.##.#.## ##.#.##.##........
.#.#.###.# #.###.#.##.....)..
.#..####.### ###.####..##.⌠.⌠...#
.'.........###..@......'...∩....'
.##.####.##.#.##.####.###.⌠.⌠...#
.###.###.###.###.###.## #.......#
.# ##.##.##.#.##.##.## #.......#
.# ##.#.#.###.#.#.## #.......# .#
##...#####...## ######### .###
##.........## ...#####'#######'#
##.....†....(....#


There were no monsters in sight!

Vanquished Creatures
  A bat (D:1)
  An endoplasm (D:1)
  A kobold (D:1)
  A quokka (D:1)
  2 ball pythons (D:1)
  A frilled lizard (D:1)
  A goblin (D:1)
  2 rats (D:1)
10 creatures vanquished.

Notes
Turn   | Place    | Note
-------+----------+-------------------------------------------
     0 | D:1      | Alarkh the Demonspawn Hunter began the quest for the Orb.
     0 | D:1      | Reached XP level 1. HP: 16/16 MP: 1/1
    69 | D:1      | Found Eschuphe's Jewellery Shop.
   401 | D:1      | Reached skill level 4 in Ranged Weapons
   401 | D:1      | Reached skill level 1 in Stealth
   443 | D:1      | Gained mutation: You have an unusually large brain. (Int
                  | +2) [demonic ancestry]
   443 | D:1      | Reached XP level 2. HP: 18/22 MP: 2/2
   545 | D:1      | Found a faded altar of an unknown god.
   643 | D:$      | Got out of the dungeon alive.

Illustrated notes

Levels and vault maps discovered:
D:1:      roderic_octagonal_star, layout_basic,
          dreamdust_ecumenical_altar_angels_and_demons, serial_shops,
          shop_fountains

Skill      XL: |  1 |
---------------+----+-----
Ranged Weapons | 4 |  4.0
Stealth        | 1 |  1.0
Fighting       | |  2.0
Dodging        | |  1.7

Action                     || total
---------------------------++-------
   Fire: Shortbow          ||    26
  Dodge: Dodged            ||     3
